 Dungeon Crawl Stone Soup version 0.27-a0-1291-geefcff550b (webtiles) character file.

Game seed: 10706337730360765792

1288688 flotson the Slayer (level 27, -2/318 HPs)
             Began as a Demonspawn Fighter on June 15, 2021.
             Was an Initiate of Gozag.
             Slain by Cerebov (23 damage)
             ... in Pandemonium on June 16, 2021.
             The game lasted 05:23:40 (110862 turns).

flotson the Slayer (Demonspawn Fighter)           Turns: 110862, Time: 05:23:41

Health: -2/318     AC: 47    Str: 27    XL:     27
Magic:  0/36       EV: 16    Int: 21    God:    Gozag
Gold:   14274      SH: 22    Dex: 16    Spells: 1/62 levels left

rFire    + + .     SeeInvis .   a - +9 broad axe (vorpal)
rCold    + + +     Faith    .   S - +2 shield of Resistance {rF++ rC++ Will++}
rNeg     + + +     Spirit   +   g - +12 gold dragon scales
rPois    +         Reflect  +   h - +2 hat of the Bear Spirit {Spirit, +Rage rN+ Will++}
rElec    +         Harm     .   D - +2 cloak {rCorr}
rCorr    +         Rampage  .   v - +0 pair of gloves "Ozuneczaji" {rN+ Regen+}
Will     +++++     Rnd*Tele +   (boots unavailable)
Stlth    ..........             O - amulet "Yfetoet" {Reflect Int+4 Slay+5 SH+5}
HPRegen  0.00/turn              E - ring "Vabrops" {rN+ Int+6 Slay+2}
MPRegen  0.25/turn              t - +6 ring of dexterity

@: mighty, brilliant, resistant, fire vulnerable, unable to read, gold aura, on
berserk cooldown, very slightly contaminated, hasted, studying 2 skills, very
quick
A: talons 3, thin metallic scales 3, powered by death 3, robust 3, spiny 3,
clumsy 2, low mp 2, screaming 2, inhibited regeneration, teleportitis 1,
evolution 1, subdued magic 2, inability to read while threatened
}: 13/15 runes: decaying, serpentine, slimy, silver, iron, obsidian, icy, bone,
abyssal, demonic, glowing, magical, dark
a: Renounce Religion, Evoke Berserk Rage, Potion Petition, Call Merchant, Bribe
Branch


You were in Pandemonium.
You worshipped Gozag.
Gozag was extremely pleased with you.
You visited 16 branches of the dungeon, and saw 81 of its levels.
You visited Pandemonium 1 time, and saw 13 of its levels.
You visited the Abyss 2 times.
You also visited: Gauntlet, Ice Cave and Volcano.

You collected 57812 gold pieces.
You spent 7424 gold pieces at shops.
You paid 36114 gold pieces to Gozag.

Inventory:

Hand Weapons
 a - a +9 vorpal broad axe (weapon)
 b - the +8 hand crossbow "Rastroowk" {penet, Stlth+}
   (You bought it in a shop on level 1 of the Depths)

   Ammo fired by it passes through the targets it hits, potentially hitting all
   targets in its path until it reaches maximum range.
   It makes you more stealthy.
 c - a +2 vampiric broad axe
 d - the +5 demon whip "Spellbinder" {antimagic, Will+}
   (You found it on level 5 of the Pits of Slime)

   It reduces the magical energy of the wielder, and disrupts the spells and
   magical abilities of those hit.
   Natural abilities and divine invocations are not affected.
   It increases your willpower.
Missiles
 q - 23 curare-tipped darts (quivered)
 w - 8 boomerangs of dispersal
 L - 1122 bolts
Armour
 g - +12 gold dragon scales (worn)
 h - the +2 hat of the Bear Spirit (worn) {Spirit, +Rage rN+ Will++}
   (You bought it in a shop on level 2 of the Orcish Mines)

   It protects you from negative energy.
   It lets you go berserk.
   It greatly increases your willpower.
 k - a +1 pair of gloves of archery
 p - a scarf of invisibility
 v - the +0 pair of gloves "Ozuneczaji" (worn) {rN+ Regen+}
   (You acquired it in Pandemonium)

   It protects you from negative energy.
   It increases your rate of health regeneration.
 D - a +2 cloak of preservation (worn)
 S - the +2 shield of Resistance (worn) {rF++ rC++ Will++}
   (You bought it in a shop on level 14 of the Dungeon)

   It greatly protects you from fire.
   It greatly protects you from cold.
   It greatly increases your willpower.
Jewellery
 t - a +6 ring of dexterity (right hand)
 E - the ring "Vabrops" (left hand) {rN+ Int+6 Slay+2}
   (You found it on level 7 of the Iron City of Dis)

   [ring of intelligence]

   It affects your intelligence (+6).
   It affects your accuracy and damage with ranged weapons and melee attacks
   (+2).
   It protects you from negative energy.
 O - the amulet "Yfetoet" (around neck) {Reflect Int+4 Slay+5 SH+5}
   (You bought it in a shop on level 2 of the Orcish Mines)

   [amulet of reflection]

   It reflects blocked missile attacks.
   It affects your intelligence (+4).
   It affects your accuracy and damage with ranged weapons and melee attacks
   (+5).
   It affects your SH (+5).
 Q - a ring of see invisible
Wands
 o - a wand of paralysis (65)
 G - a wand of acid (41)
 P - a wand of iceblast (128)
Scrolls
 f - 4 scrolls of holy word
 i - 7 scrolls of torment
 l - 13 scrolls of magic mapping
 m - 6 scrolls of blinking
 s - 9 scrolls of immolation
 u - 6 scrolls of fog
 y - 11 scrolls of fear
 I - 21 scrolls of teleportation
 K - 4 scrolls of silence
 M - 8 scrolls of vulnerability
 U - 8 scrolls of summoning
 Z - a scroll of brand weapon
Potions
 e - 6 potions of invisibility
 j - 9 potions of heal wounds
 n - 11 potions of attraction
 z - 31 potions of curing
 A - 5 potions of berserk rage
 B - 13 potions of lignification
 C - 7 potions of resistance
 F - 10 potions of ambrosia
 H - 13 potions of might
 T - 11 potions of haste
 W - 10 potions of cancellation
 X - 8 potions of flight
Miscellaneous
 r - a piece from Xom's chessboard (15/15)
 x - a lightning rod (1/4)
 J - a tin of tremorstones (inert)
 N - a phial of floods (inert)
 R - a condenser vane (inert)
 V - a box of beasts
 Y - a phantom mirror


   Skills:
 - Level 26.1 Fighting
 - Level 16.8(18.0) Axes
 - Level 11.6(15.4) Polearms
 - Level 10.0 Crossbows
 - Level 6.0 Throwing
 - Level 21.3 Armour
 - Level 21.3 Dodging
 - Level 17.5 Stealth
 - Level 16.5 Shields
 - Level 18.4 Spellcasting
 + Level 22.2 Conjurations
 + Level 18.0 Summonings
 - Level 16.0 Translocations
 + Level 11.9 Air Magic
 + Level 16.7 Earth Magic
 - Level 17.8 Evocations


You had one spell level left.
You knew the following spells:

 Your Spells              Type           Power      Damage    Failure   Level
a - Blink                 Tloc           N/A        N/A       0%          2
b - Lesser Beckoning      Tloc           34%        N/A       1%          3
c - Teleport Other        Tloc           69%        N/A       1%          3
d - Iskenderun's Mystic   Conj/Tloc      76%        2d15      1%          4
e - Passage of Golubria   Tloc           N/A        N/A       1%          4
f - Manifold Assault      Tloc           69%        N/A       1%          5
g - Iskenderun's Battles  Conj           81%        2d13      1%          5
h - Dispersal             Tloc           34%        N/A       3%          6
i - Orb of Destruction    Conj           40%        9d14      1%          7
j - Iron Shot             Conj/Erth      38%        9d8       1%          6
k - Stone Arrow           Conj/Erth      100%       3d13      0%          3
l - Spellforged Servitor  Conj/Summ      39%        N/A       3%          7
m - Conjure Ball Lightni  Conj/Air       35%        3x3d11    2%          6

Your spell library contained the following spells:

 Spells                   Type           Power      Damage    Failure   Level
 Magic Dart               Conj           100%       1d8       0%          1
 Sandblast                Erth           100%       2d20      0%          1
 Shock                    Conj/Air       100%       1d9       0%          1
 Summon Small Mammal      Summ           100%       N/A       0%          1
 Foxfire                  Conj/Fire      100%       2x1d9     1%          1
 Animate Skeleton         Necr           36%        N/A       22%         1
 Beastly Appendage        Tmut           36%        N/A       22%         1
 Corona                   Hex            20%        N/A       22%         1
 Freeze                   Ice            72%        1d9       22%         1
 Pain                     Necr           72%        1d7       22%         1
 Sting                    Tmut/Pois      72%        1d6       22%         1
 Call Imp                 Summ           73%        N/A       0%          2
 Searing Ray              Conj           100%       3d7       0%          2
 Static Discharge         Conj/Air       71%        N/A       0%          2
 Call Canine Familiar     Summ           73%        N/A       0%          3
 Passwall                 Tmut/Erth      41%        N/A       1%          2
 Conjure Flame            Conj/Fire      58%        6-21      1%          3
 Dazzling Flash           Conj/Hex       100%       N/A       1%          3
 Gell's Gravitas          Tloc           34%        N/A       1%          3
 Mephitic Cloud           Conj/Pois/Air  58%        N/A       1%          3
 Portal Projectile        Hex/Tloc       98%        N/A       1%          3
 Summon Guardian Golem    Hex/Summ       52%        N/A       1%          3
 Swiftness                Air            60%        N/A       1%          3
 Animate Armour           Summ/Erth      100%       N/A       1%          4
 Fulminant Prism          Conj/Hex       29%        3d14      1%          4
 Hailstorm                Conj/Ice       58%        3d13      1%          4
 Sticky Flame             Conj/Fire      58%        2d7       1%          4
 Summon Lightning Spire   Summ/Air       67%        N/A       1%          4
 Lee's Rapid Deconstruct  Erth           35%        3d19*     1%          5
 Lightning Bolt           Conj/Air       35%        1d53      1%          5
 Summon Forest            Summ/Tloc      35%        N/A       1%          5
 Shadow Creatures         Summ           N/A        N/A       1%          6
 Corpse Rot               Necr/Air       N/A        N/A       2%          2
 Poisonous Vapours        Pois/Air       82%        N/A       2%          2
 Bolt of Magma            Conj/Fire/Erth 31%        4d14      2%          5
 Summon Ice Beast         Ice/Summ       52%        N/A       4%          4
 Freezing Cloud           Conj/Ice/Air   29%        6-21      4%          5
 Fireball                 Conj/Fire      29%        3d13      5%          5
 Irradiate                Conj/Tmut      29%        3d23      5%          5
 Leda's Liquefaction      Hex/Erth       25%        N/A       6%          4
 Petrify                  Tmut/Erth      50%        N/A       6%          4
 Monstrous Menagerie      Summ           36%        N/A       11%         7
 Summon Hydra             Summ           36%        N/A       11%         7
 Summon Mana Viper        Hex/Summ       52%        N/A       14%         5
 Malign Gateway           Summ/Tloc      35%        N/A       17%         7
 Borgnjor's Vile Clutch   Necr/Erth      25%        N/A       19%         5
 Ensorcelled Hibernation  Hex/Ice        36%        N/A       32%         2
 Slow                     Hex            18%        N/A       32%         2
 Sublimation of Blood     Necr           9%         N/A       32%         2
 Wereblood                Tmut           18%        N/A       32%         2
 Lehudib's Crystal Spear  Conj/Erth      38%        10d9      45%         8
 Silence                  Hex/Air        20%        N/A       50%         5
 Confusing Touch          Hex            18%        N/A       56%         3
 Frozen Ramparts          Ice            36%        1d5       56%         3
 Ignite Poison            Fire/Tmut/Pois 18%        N/A       56%         3
 Inner Flame              Hex/Fire       18%        N/A       56%         3
 Ozocubu's Armour         Ice            18%        N/A       56%         3
 Spider Form              Tmut/Pois      9%         N/A       56%         3
 Tukima's Dance           Hex            18%        N/A       56%         3
 Vampiric Draining        Necr           9%         2d7       56%         3
 Summon Horrible Things   Summ           36%        N/A       67%         8
 Statue Form              Tmut/Erth      33%        N/A       77%         6
 Disjunction              Tloc           34%        N/A       92%         8
 Animate Dead             Necr           9%         N/A       94%         4
 Cause Fear               Hex            9%         N/A       94%         4
 Dispel Undead            Necr           18%        3d11      94%         4
 Ice Form                 Ice/Tmut       18%        N/A       94%         4
 Olgreb's Toxic Radiance  Pois           18%        N/A       94%         4
 Haunt                    Necr/Summ      26%        N/A       99%         7
 Agony                    Necr           18%        N/A       100%        5
 Alistair's Intoxication  Tmut/Pois      12%        N/A       100%        5
 Blade Hands              Tmut           9%         N/A       100%        5
 Excruciating Wounds      Necr           9%         N/A       100%        5
 Metabolic Englaciation   Hex/Ice        9%         N/A       100%        5
 Yara's Violent Unravell  Hex/Tmut       9%         3d6       100%        5
 Death Channel            Necr           9%         N/A       100%        6
 Eringya's Noxious Bog    Tmut/Pois      9%         N/A       100%        6
 Invisibility             Hex            9%         N/A       100%        6
 Dragon Form              Tmut           9%         N/A       100%        7
 Storm Form               Tmut/Air       20%        N/A       100%        7
 Discord                  Hex            9%         N/A       100%        8
 Ignition                 Fire           9%         3d5       100%        8
 Infestation              Necr           9%         N/A       100%        8
 Chain Lightning          Conj/Air       35%        3d47      100%        9
 Dragon's Call            Summ           36%        N/A       100%        9
 Fire Storm               Conj/Fire      29%        8d7       100%        9
 Polar Vortex             Ice            9%         N/A       100%        9
 Shatter                  Erth           35%        3d28*     100%        9


Dungeon Overview and Level Annotations

Branches:
Dungeon (15/15)            Temple (1/1) D:5            Lair (6/6) D:11
  Swamp (4/4) Lair:2        Snake (4/4) Lair:4        Slime (5/5) Lair:6
    Orc (2/2) D:12            Elf (3/3) Orc:2        Vaults (5/5) D:14
  Crypt (3/3) Vaults:2       Tomb (0/3) Crypt:3      Depths (5/5) D:15
   Hell (visited)             Dis (7/7) Hell            Geh (7/7) Hell
    Coc (7/7) Hell            Tar (7/7) Hell            Zot (0/5) Depths:5
  IceCv (visited)         Volcano (visited)         Gauntlet (visited)

Altars:
Cheibriados
Dithmenos
Elyvilon
Fedhas
Gozag
Hepliaklqana
Kikubaaqudgha
Nemelex Xobeh
Qazlal
Sif Muna
Trog
Vehumet
Wu Jian
Yredelemnul
The Shining One
Beogh
Jiyva

Shops:
D:14 [   D:15 :   Orc:2 ?[[=**(?   Elf:1 (   Elf:3 ?   Snake:2 =
Vaults:3 [****(   Depths:1 ![((

Portals:
Hell: Depths:1 Depths:2 Depths:3 Depths:4 Depths:5
Abyss: Depths:1 Depths:3 Depths:4
Pandemonium: Depths:3
Ziggurat: Depths:2

Annotations:
Pan Cerebov


Innate Abilities, Weirdness & Mutations

You have claws for feet.
You are completely covered in thin metallic scales. (AC +4, rElec)
You regenerate a lot of health from kills.
You are extremely robust. (+30% HP)
You are completely covered in sharp spines.
You are very clumsy. (Dex -4)
Your magical capacity is very low. (-20% MP)
You frequently scream uncontrollably at your foes.
You do not regenerate when monsters are visible.
You are occasionally teleported next to monsters.
You evolve.
Your spells are easier to cast, but less powerful.
You sometimes lose the ability to read scrolls when taking damage.


Message History

The Brimstone Fiend disappears in a puff of smoke!
Cerebov is no longer covered in acid.
You block Cerebov's attack.
Unknown command.
You open the balrug like a pillowcase!!!
You claw the balrug.
You kill the balrug!
You barely miss the hellion. You closely miss Cerebov. You slice the hellion!!
You feel yourself speed up. Cerebov hits you but does no damage.
You block the hellion's attack. The hellion gestures at you.
The sphere of damnation explodes!
The damnation engulfs you!!
* * * LOW HITPOINT WARNING * * *
The damnation engulfs Cerebov.
Cerebov completely resists.
The damnation engulfs the hellion.
The hellion completely resists.
The damnation engulfs the hellion.
The hellion completely resists.
The hellion gestures at you.
The sphere of damnation explodes!
The damnation engulfs you!!
* * * LOW HITPOINT WARNING * * *
The damnation engulfs Cerebov.
Cerebov completely resists.
The damnation engulfs the hellion.
The hellion completely resists.
The damnation engulfs the hellion.
The hellion completely resists.
Cerebov is struck by your spines. Cerebov hits you but does no damage.
You barely miss the hellion. You claw the hellion.
The hellion is severely wounded.
You hit Cerebov but do no damage.
Your gold dragon scales prevents you from hitting the hellion.
You block the hellion's attack. x2
Unknown command.
You chop the hellion into pieces!!!
You kill the hellion!
You barely miss Cerebov. You slash the hellion! x2
You kill the hellion!
Cerebov misses you.
Unknown command.
You slice the hellion!!
You kill the hellion!
You hit Cerebov but do no damage.
Cerebov hits you with the +6 sword of Cerebov {flame}!!
You die...
Your body crumbles into a pile of gold.

5.33.&.........##.# .
..2.........$.....##.......
$$$4$........................
..$3...........##..#........#
2..43..........
#..#........###.
3..#####.....##
#..#............ .###
#...§§####..#............ ' $
#..§§§☼$&...#............ $
#...≈$$##@$..............
#...≈$≈##..##............
#....≈$≈##..##..)........∩
#....≈≈≈##..##....).......
##......##................
#...........#∩...........
##....#####.###..####....
...#####.###..####....
..........##..........


You could see Cerebov (fast, waterlogged).

Vanquished Creatures
  Antaeus (Coc:7)
  the Royal Jelly (Slime:5)
  Asmodeus (Geh:7)
  Ereshkigal (Tar:7)
  Gloorx Vloq (Pan)
  Mnoleg (Pan)
  A seraph (Pan)
  A dread lich (Vaults:5)
  Dispater (Dis:7)
  5 ancient liches
  Sojobo (Vaults:3)
  Bai Suzhen (Swamp:2)
  Margery (Vaults:4)
  Frederick (Depths:5)
  2 caustic shrikes (Depths:5)
  8 shard shrikes
  Saint Roka (Vaults:1)
  Xtahua (Crypt:1)
  2 golden dragons
  Geryon (Hell)
  3 profane servitors
  A pearl dragon (Pan)
  8 pandemonium lords (Pan)
  14 bone dragons
  7 doom hounds
  A shard shrike zombie (Crypt:1)
  22 Tzitzimimeh
  32 Brimstone Fiends
  Jorgrun (D:14)
  14 iron giants
  7 tentacled monstrosities
  19 Hell Sentinels
  19 Ice Fiends
  Rupert (Orc:2)
  6 titans
  20 liches
  2 deep elf blademasters (Elf:3)
  Asterion (Vaults:1)
  2 quicksilver dragons
  4 deep elf master archers (Elf:3)
  16 ancient champions
  22 acid blobs
  7 sphinxes
  4 storm dragons
  37 Executioners
  2 eldritch tentacles (Pan)
  Agnes (D:14)
  21 tentacled starspawn (Abyss:3)
  Kirke (D:12)
  4 tengu reavers
  Roxanne (Snake:1)
  11 shadow dragons
  2 thorn hunters
  Donald (Snake:2)
  13 azure jellies
  23 daevas
  12 rockslimes
  2 revenants
  4 nagarajas (Snake:4)
  14 iron dragons
  44 balrugs
  24 fire giants
  A fenstrider witch (Swamp:2)
  17 vault wardens
  13 frost giants
  5 black suns (Pan)
  7 curse skulls
  18 cacodemons
  A ghost moth (Abyss:3)
  2 orc warlords
  2 corrupters (Pan)
  5 warmongers (Pan)
  5 draconian annihilators
  18 ironbound preservers
  2 juggernaut zombies
  11 deep elf sorcerers
  A deep elf elementalist (Elf:3)
  21 ghouls
  67 reapers
  33 angels
  53 very ugly things
  3 spriggan defenders
  A caustic shrike skeleton (Depths:5)
  16 ophanim (Pan)
  7 blood saints (Pan)
  27 apis (Pan)
  4 elemental wellsprings (Coc:7)
  13 quicksilver oozes
  23 war gargoyles
  24 stone giants
  10 vampire knights
  11 lorocyprocas
  2 entropy weavers
  3 bunyips (Swamp:3)
  8 deep elf annihilators
  6 deep elf demonologists
  5 spark wasps
  A minotaur (Gauntlet)
  A dire elephant (Vaults:1)
  10 eidola
  A spark wasp (shapeshifter) (Vaults:5)
  29 green deaths
  3 crystal guardians
  10 deep elf death magi
  A merfolk impaler (Abyss:3)
  14 deep elf high priests
  18 fire dragons
  A mummy priest (Crypt:3)
  6 eleionomae
  20 blizzard demons
  8 quicksilver dragon zombies
  19 ettins
  6 jiangshi
  3 shambling mangroves
  11 yaktaur captains
  5 quicksilver dragon skeletons
  8 ironbound thunderhulks
  29 ice dragons
  Erolcha (D:12)
  13 great orbs of eyes
  Fannar (D:12)
  10 monstrous demonspawn (Pan)
  4 ghost crabs
  4 kraken zombies
  15 rakshasas
  36 vault guards
  2 ogre magi (Vaults:3)
  3 hell beasts
  15 naga warriors
  2 catoblepae (Lair:6)
  2 salamander tyrants (Snake:4)
  3 peacekeepers
  Erica (Lair:1)
  25 hydras
  9 anacondas
  3 spriggan air magi
  7 two-headed ogres
  7 centaur warriors
  A death yak (Lair:5)
  5 death knights
  11 ironbound frosthearts
  30 hell hogs
  15 alligators
  A merfolk avatar (Lair:6)
  6 deep troll shamans
  10 tengu warriors
  16 vampire magi
  7 ironbound beastmasters
  55 thrashing horrors (Abyss:3)
  8 titan zombies
  15 deep troll earth magi
  6 shock serpents
  20 deep elf knights
  9 iron golems
  Urug (D:10)
  53 soul eaters
  6 holy swine (Pan)
  13 naga sharpshooters
  An orc high priest (Elf:3)
  61 hell knights
  3 spriggan berserkers
  6 storm dragon zombies
  11 shadow wraiths
  23 wretched stars
  3 salamander mystics (Snake:4)
  69 sun demons
  Sonja (Lair:6)
  6 golden dragon zombies
  9 titan skeletons
  A goliath frog (shapeshifter) (Vaults:5)
  2 spark wasp zombies (Depths:5)
  A glowing orange brain (shapeshifter) (Depths:5)
  6 spatial maelstroms (Abyss:3)
  2 sea snakes
  25 sixfirhies
  26 iron trolls
  4 ghost moth zombies
  24 cherubim (Pan)
  10 goliath frogs
  125 skeletal warriors
  13 anaconda zombies
  3 death drakes
  14 flayed ghosts
  7 naga ritualists
  4 spriggan druids
  5 gelid demonspawn
  A swamp dragon (shapeshifter) (Elf:3)
  11 swamp dragons
  A kraken simulacrum (Coc:7)
  44 deep trolls
  9 deep elf archers
  A storm dragon skeleton (Coc:1)
  16 glowing orange brains
  5 torturous demonspawn (Pan)
  2 quicksilver dragon simulacra (Abyss:3)
  4 infernal demonspawn (Pan)
  22 shadow demons
  9 anaconda skeletons
  4 golden dragon skeletons
  27 necromancers
  44 phantasmal warriors
  9 bog bodies
  10 wizards
  11 shadow dragon zombies
  3 harpies (Depths:3)
  38 deep elf pyromancers
  32 deep elf zephyrmancers
  9 iron dragon zombies
  22 ironbound convokers
  2 wolf spider zombies
  3 orc sorcerers
  5 orc knights
  13 lindwurms
  4 oklob plants
  12 mana vipers
  49 ugly things
  5 wolf spiders
  14 fire giant zombies
  8 stone giant zombies
  An orb spider (shapeshifter) (Vaults:5)
  13 frost giant zombies
  10 salamanders
  9 will-o-the-wisps
  7 shadow dragon skeletons
  8 manticores
  28 black mambas
  7 shining eyes
  8 worldbinders (Abyss:3)
  7 iron dragon skeletons
  9 frost giant skeletons
  5 ice statues
  4 shock serpent zombies
  Maurice (D:8)
  3 cyclopes
  6 guardian serpents
  7 stone giant skeletons
  11 fire giant skeletons
  5 elephants (Lair:6)
  An eye of devastation (Abyss:3)
  28 naga magi
  An elephant (shapeshifter) (Depths:5)
  8 dire elephant zombies
  2 shock serpent skeletons
  A titan simulacrum (Abyss:3)
  10 apocalypse crabs (Abyss:3)
  4 gargoyles
  48 rust devils
  7 molten gargoyles
  46 hellions
  19 vault sentinels
  6 dire elephant skeletons
  17 orange demons
  57 smoke demons
  18 cane toads
  An eye of devastation (shapeshifter) (Vaults:3)
  6 unseen horrors
  An elephant slug zombie (Crypt:1)
  4 rime drakes (Lair:6)
  15 efreet
  A yaktaur (shapeshifter) (Elf:1)
  3 kobold demonologists
  A grey draconian zombie (Crypt:2)
  4 emperor scorpion zombies
  A green draconian zombie (Crypt:2)
  15 yaktaurs
  2 sea snake zombies (Hell)
  A white draconian skeleton (Geh:7)
  A catoblepas zombie (Dis:7)
  44 tormentors
  7 komodo dragons
  A purple draconian skeleton (Hell)
  39 ice devils
  16 demonic crawlers
  47 freezing wraiths
  4 tengu conjurers
  3 guardian mummies
  An iron troll skeleton (Crypt:2)
  4 silent spectres
  2 anaconda simulacra
  3 catoblepas skeletons
  39 red devils
  19 hellwings
  3 harpy zombies
  3 jumping spiders (Crypt:3)
  A queen bee (Lair:4)
  7 polar bears
  8 tyrant leeches
  21 ancient zymes (Abyss:3)
  3 meliai (Lair:4)
  18 hydra zombies
  A hornet (shapeshifter) (Depths:5)
  12 hornets
  A wind drake (Lair:6)
  A shadow dragon simulacrum (Tar:7)
  4 trolls
  A merfolk (shapeshifter) (Vaults:3)
  7 alligator zombies
  A meliai zombie (D:11)
  47 raiju (Abyss:3)
  137 slime creatures
  A death drake skeleton (Crypt:1)
  30 blink frogs
  3 harpy skeletons
  9 hydra skeletons
  12 ettin zombies
  116 large abominations
  5 fire dragon zombies
  13 ice dragon zombies
  3 fire giant simulacra
  3 spriggan zombies
  2 stone giant simulacra
  94 flying skulls
  5 ice dragon skeletons
  4 air elementals
  5 fire dragon skeletons
  10 redbacks
  48 small abominations
  6 wyverns
  2 black mamba zombies
  31 ynoxinuls
  3 alligator skeletons
  11 spriggans
  A tarantella (shapeshifter) (Vaults:3)
  42 wraiths
  A dire elephant simulacrum (Hell)
  12 water elementals
  23 yaks
  37 shadows
  A vampire (Abyss:3)
  2 black mamba skeletons
  10 ettin skeletons
  16 fire elementals
  21 golden eyes
  6 basilisks
  9 vampire mosquitoes
  A steam dragon (D:9)
  3 hogs (D:12)
  44 neqoxecs
  Grum (D:9)
  A sea snake simulacrum (Hell)
  A human (shapeshifter) (Vaults:5)
  32 chaos spawn
  2 elf skeletons
  5 fire bats (Abyss:3)
  8 spatial vortices (Abyss:3)
  5 human zombies
  46 nagas
  A warg (Orc:2)
  18 swamp worms
  91 hell hounds
  8 cane toad zombies
  3 hydra simulacra
  A monstrous demonspawn skeleton (Tar:7)
  17 water moccasins
  2 floating eyes
  A floating eye (shapeshifter) (Vaults:5)
  A black bear (D:5)
  7 cane toad skeletons
  3 manticore zombies
  A sky beast (D:8)
  9 ice beasts
  An ice dragon simulacrum (Coc:7)
  A black mamba simulacrum (Coc:7)
  28 orc warriors
  8 snapping turtle zombies
  A boggart (Elf:1)
  2 swamp dragon skeletons
  32 necrophages
  23 wolves
  7 ogres
  A centaur (shapeshifter) (Vaults:5)
  6 snapping turtle skeletons
  20 centaurs
  3 manticore skeletons
  6 phantoms
  2 kobold brigands
  A draconian zombie (Crypt:2)
  An elf zombie (Dis:5)
  14 bullfrogs
  A komodo dragon skeleton (Crypt:2)
  2 gnoll sergeants
  A cane toad simulacrum (Coc:1)
  2 earth elementals
  3 scorpions
  12 wyvern skeletons (Crypt:3)
  A water moccasin zombie (D:6)
  A yaktaur skeleton (Crypt:2)
  24 killer bees
  A water moccasin skeleton (D:5)
  A troll zombie (Geh:1)
  73 wights
  A troll skeleton (Pan)
  2 polar bear skeletons (Crypt:1)
  A spriggan skeleton (Tar:7)
  A manticore simulacrum (Abyss:3)
  8 crimson imps
  8 quasits
  7 howler monkeys
  131 starcursed masses (Abyss:3)
  4 centaur zombies
  3 bullfrog zombies
  18 orc priests
  54 iron imps
  A jelly (D:6)
  A bullfrog skeleton (D:6)
  4 centaur skeletons
  3 iguanas
  2 spriggan simulacra (IceCv)
  24 orc wizards
  6 hell rats (Hell)
  6 lightning spires (Abyss:3)
  Terence (D:3)
  2 killer bee zombies (D:7)
  A troll simulacrum (IceCv)
  A deep dwarf zombie (Crypt:2)
  2 naga zombies
  An ogre zombie (Tar:6)
  A centaur simulacrum (IceCv)
  A tengu skeleton (Tar:1)
  10 mummies
  8 gnolls
  5 adders
  2 naga simulacra (IceCv)
  4 ogre simulacra (IceCv)
  6 shadow imps
  22 white imps
  11 ufetubi
  A lava snake zombie (Crypt:1)
  An adder skeleton (D:4)
  A worm (D:5)
  3 dart slugs
  72 orcs
  5 ball pythons
  4 bats
  6 endoplasms
  A giant cockroach (D:2)
  6 hobgoblins
  5 jackals
  17 kobolds
  6 quokkas
  4 frilled lizards
  9 goblins
  A hobgoblin zombie (Crypt:1)
  A jackal skeleton (Crypt:2)
  An orc simulacrum (Coc:1)
  An orc zombie (Tar:7)
  4 rats
  A ball lightning (Pan)
  A bush (Lair:1)
  3 fire vortices (Volcano)
  3 lurking horrors (Abyss:3)
  30 starspawn tentacles (Abyss:3)
  7 tentacles
  A withered plant (Crypt:3)
5226 creatures vanquished.

Vanquished Creatures (collateral kills)
  An apis (Pan)
1 creature vanquished.

Vanquished Creatures (others)
  A Brimstone Fiend (Pan)
  A fire giant (Depths:3)
  A blood saint (Pan)
  A fire dragon (Depths:1)
  A rakshasa (Pan)
  28 dancing weapons
  2 deep elf knights
  2 skeletal warriors
  A titan skeleton (Coc:7)
  A glowing orange brain (Pan)
  A deep elf archer (Elf:3)
  2 deep elf pyromancers
  A frost giant zombie (Coc:7)
  A red devil (Pan)
  2 bloated husks
  A water elemental (Hell)
  4 golden eyes (Abyss:3)
  A chaos spawn (Pan)
  A neqoxec (Abyss:3)
  A large abomination (Abyss:3)
  A sky beast (Abyss:3)
  An orc warrior (Elf:3)
  A necrophage (Geh:4)
  A small abomination (Abyss:3)
  3 wights
  An iron imp (Dis:7)
  An orc wizard (D:7)
  A shadow imp (Tar:4)
  5 ball lightnings (Pan)
  A bush (Lair:6)
  64 foxfires
  71 fungi
  201 plants
  35 starspawn tentacles (Abyss:3)
  13 tentacles
  20 withered plants (Crypt:3)
474 creatures vanquished.

Grand Total: 5701 creatures vanquished

Notes
Turn   | Place    | Note
-------+----------+-------------------------------------------
     0 | D:1      | flotson the Demonspawn Fighter began the quest for the Orb.
     0 | D:1      | Reached XP level 1. HP: 18/18 MP: 1/1
   470 | D:1      | Gained mutation: You have sharp toenails. [demonic
                  | ancestry]
   470 | D:1      | Reached XP level 2. HP: 24/24 MP: 2/2
  1495 | D:2      | Gained mutation: You are partially covered in thin metallic
                  | scales. (AC +2) [demonic ancestry]
  1495 | D:2      | Reached XP level 3. HP: 21/29 MP: 3/3
  1610 | D:2      | Reached skill level 1 in Dodging
  2067 | D:2      | Reached XP level 4. HP: 21/35 MP: 4/4
  2911 | D:3      | Noticed Terence
  2922 | D:3      | Killed Terence
  3174 | D:3      | Found a faded altar of an unknown god.
  3180 | D:3      | Reached skill level 1 in Throwing
  3400 | D:3      | Gained mutation: You have razor-sharp toenails. [demonic
                  | ancestry]
  3400 | D:3      | Reached XP level 5. HP: 31/41 MP: 2/5
  3885 | D:4      | Noticed an ogre
  4158 | D:3      | Reached skill level 1 in Evocations
  4361 | D:4      | Gained mutation: You are mostly covered in thin metallic
                  | scales. (AC +3) [demonic ancestry]
  4361 | D:4      | Reached XP level 6. HP: 31/48 MP: 6/6
  5341 | D:4      | Reached skill level 4 in Fighting
  5575 | D:5      | Entered Level 5 of the Dungeon
  5714 | D:4      | Reached XP level 7. HP: 12/54 MP: 4/7
  6175 | D:5      | Found a staircase to the Ecumenical Temple.
  6184 | Temple   | Entered the Ecumenical Temple
  6224 | Temple   | Became a worshipper of Gozag Ym Sagoz the Greedy
  6927 | D:5      | Found a staircase to the Ecumenical Temple.
  7591 | D:6      | Gained mutation: You are partially covered in sharp spines.
                  | [demonic ancestry]
  7591 | D:6      | Reached XP level 8. HP: 60/61 MP: 8/8
  7882 | D:6      | Identified the +4 trident of Nuakk {flame, rElec rC+ Dex+4
                  | Stlth+}
  8066 | D:6      | Reached skill level 5 in Fighting
  8800 | D:7      | Reached XP level 9. HP: 68/68 MP: 9/9
  8957 | D:7      | Found an ancient bone altar of Kikubaaqudgha.
  9303 | D:8      | Noticed Maurice
  9343 | D:8      | Killed Maurice
  9344 | D:8      | Reached skill level 5 in Armour
  9344 | D:8      | Reached skill level 1 in Stealth
  9344 | D:8      | Reached skill level 5 in Shields
  9618 | D:8      | Found a stormy altar of Qazlal.
  9618 | D:8      | Found a radiant altar of Vehumet.
 10488 | D:8      | Reached skill level 5 in Axes
 10522 | D:9      | Reached skill level 6 in Fighting
 10617 | D:9      | Gained mutation: You have claws for feet. [demonic
                  | ancestry]
 10617 | D:9      | Reached XP level 10. HP: 72/76 MP: 10/10
 10778 | D:9      | Reached skill level 5 in Evocations
 10913 | D:9      | Noticed Grum
 10999 | D:9      | Killed Grum
 11200 | D:9      | Reached skill level 5 in Dodging
 11663 | D:9      | Reached skill level 5 in Throwing
 12156 | D:10     | Entered Level 10 of the Dungeon
 12205 | D:10     | Noticed a two-headed ogre
 12224 | D:10     | Killed a two-headed ogre
 12225 | D:10     | Reached skill level 5 in Stealth
 12264 | D:10     | Noticed a gargoyle
 12288 | D:10     | Killed a gargoyle
 12483 | D:10     | Identified Fodwyqum's Almanac of Creative Transformation
 12827 | D:10     | Noticed Urug
 12846 | D:10     | Killed Urug
 13488 | D:11     | Noticed a two-headed ogre
 13612 | D:11     | Identified the Almanac of the Floating Volcanoes
 13883 | D:11     | Found a staircase to the Lair.
 13909 | D:11     | Gained mutation: You regenerate a little health from kills.
                  | [demonic ancestry]
 13909 | D:11     | Reached XP level 11. HP: 83/83 MP: 11/11
 13936 | D:11     | You fall into a shaft and drop 3 floors!
 13945 | D:13     | Reached skill level 7 in Fighting
 13962 | D:13     | Noticed a centaur warrior
 13967 | D:13     | Killed a centaur warrior
 14200 | D:13     | Noticed a cyan ugly thing
 14308 | D:11     | Noticed a two-headed ogre
 14309 | D:11     | Killed a two-headed ogre
 14319 | D:11     | Killed a two-headed ogre
 15214 | Lair:1   | Entered Level 1 of the Lair of Beasts
 15410 | Lair:1   | Identified the +7 hand crossbow of Mimemis {elec, *Corrode
                  | Str+4}
 15471 | Lair:1   | Noticed an eight-headed hydra
 15641 | Lair:1   | Noticed Erica
 15776 | Lair:1   | Reached skill level 8 in Fighting
 15776 | Lair:1   | Reached skill level 1 in Crossbows
 15843 | Lair:1   | Killed an eight-headed hydra
 15899 | Lair:1   | Found a blossoming altar of Fedhas.
 15928 | Lair:1   | Killed Erica
 15929 | Lair:1   | Reached XP level 12. HP: 93/93 MP: 12/12
 16780 | Lair:2   | Found a staircase to the Swamp.
 16794 | Lair:2   | Found a gate leading to a gauntlet.
 16800 | Gauntlet | Entered a Gauntlet
 16800 | Gauntlet | Found a transporter.
 16800 | Gauntlet | Found a transporter.
 16947 | Gauntlet | Found a transporter.
 16947 | Gauntlet | Found a transporter.
 16965 | Gauntlet | Found a transporter.
 16969 | Gauntlet | Found a large runed translucent door.
 16970 | Gauntlet | Found a large runed translucent door.
 16971 | Gauntlet | Found a large runed translucent door.
 16971 | Gauntlet | Found a large runed translucent door.
 16972 | Gauntlet | Found a runed translucent gate.
 16972 | Gauntlet | Found a large runed translucent door.
 16972 | Gauntlet | Found a large runed translucent door.
 16972 | Gauntlet | Found a runed translucent door.
 16973 | Gauntlet | Found a transporter.
 16973 | Gauntlet | Found a runed translucent gate.
 16973 | Gauntlet | Found a transporter.
 16973 | Gauntlet | Found a large runed translucent door.
 16973 | Gauntlet | Noticed a hell hog
 16974 | Gauntlet | Found a runed translucent gate.
 16974 | Gauntlet | Found a runed translucent door.
 16974 | Gauntlet | Found a large runed translucent door.
 16976 | Gauntlet | Found a transporter.
 16981 | Gauntlet | Found a large runed translucent door.
 16981 | Gauntlet | Found a large runed translucent door.
 16982 | Gauntlet | Found a large runed translucent door.
 16983 | Gauntlet | Found a large runed translucent door.
 16992 | Gauntlet | Found a large runed translucent door.
 16992 | Gauntlet | Found a large runed translucent door.
 17003 | Gauntlet | Found a transporter.
 17010 | Gauntlet | Found a transporter.
 17052 | Gauntlet | Found a transporter.
 17063 | Gauntlet | Found a transporter.
 17077 | Gauntlet | Found a transporter.
 17164 | Gauntlet | Found a transporter.
 17178 | Gauntlet | Found a transporter.
 17192 | Gauntlet | Found a transporter.
 17208 | Gauntlet | Found a large runed translucent door.
 17208 | Gauntlet | Found a large runed translucent door.
 17568 | Gauntlet | Identified the +2 hat of the New World {rCorr}
 17601 | Gauntlet | Noticed a minotaur
 17624 | Gauntlet | Killed a minotaur
 17639 | Gauntlet | Identified the +0 barding of the Weaver {rElec rC+ Int-4
                  | Dex+5}
 18988 | Lair:3   | Found a frozen archway.
 18996 | IceCv    | Entered an ice cave
 19394 | IceCv    | Reached skill level 9 in Fighting
 20558 | Lair:3   | Reached XP level 13. HP: 97/101 MP: 13/13
 21855 | Lair:4   | Found a staircase to the Snake Pit.
 21946 | Lair:4   | Found a dark tunnel.
 21958 | Volcano  | Entered a volcano
 22638 | Lair:4   | Reached skill level 5 in Crossbows
 24114 | Lair:5   | Reached skill level 10 in Fighting
 24495 | Lair:6   | Entered Level 6 of the Lair of Beasts
 25207 | Lair:6   | Identified 2 scrolls of acquirement
 25213 | Lair:5   | Acquired a manual of Shields
 25215 | Lair:5   | Acquired a manual of Armour
 25939 | Lair:6   | Gained mutation: You are mostly covered in sharp spines.
                  | [demonic ancestry]
 25939 | Lair:6   | Reached XP level 14. HP: 62/110 MP: 14/14
 26893 | Lair:6   | Reached skill level 10 in Armour
 26893 | Lair:6   | Reached skill level 10 in Shields
 27315 | Lair:6   | Noticed Sonja
 27322 | Lair:6   | Killed Sonja
 27847 | Lair:6   | Found a staircase to the Slime Pits.
 28465 | D:12     | Noticed Erolcha
 28475 | D:12     | Killed Erolcha
 28523 | D:12     | Found a staircase to the Orcish Mines.
 28681 | D:12     | Noticed Kirke
 28692 | D:12     | Killed Kirke
 28789 | D:12     | Noticed Fannar
 28799 | D:12     | Killed Fannar
 28884 | D:12     | Reached skill level 11 in Fighting
 28884 | D:12     | Reached skill level 10 in Axes
 29124 | Orc:1    | Entered Level 1 of the Orcish Mines
 29288 | Orc:2    | Entered Level 2 of the Orcish Mines
 29373 | Orc:2    | Found a staircase to the Elven Halls.
 29461 | Orc:2    | Noticed an orc warlord
 29462 | Orc:2    | Noticed Rupert
 29649 | Orc:1    | Killed an orc warlord
 29994 | Orc:2    | Paralysed by Rupert for 2 turns
 29999 | Orc:2    | Killed Rupert
 30000 | Orc:2    | Reached skill level 10 in Dodging
 30005 | Orc:2    | Found Ybotanun's Antique Armour Emporium.
 30011 | Orc:2    | Found Okuziaw's Antique Weapon Shoppe.
 30068 | Orc:2    | Found a bloodstained altar of Trog.
 30460 | Orc:2    | Found Asiytico's Magic Scroll Shoppe.
 30508 | Orc:2    | Bought a scroll of identify for 32 gold pieces
 30508 | Orc:2    | Bought a scroll of identify for 32 gold pieces
 30508 | Orc:2    | Bought a scroll of identify for 32 gold pieces
 30508 | Orc:2    | Bought a scroll of identify for 32 gold pieces
 30508 | Orc:2    | Bought a scroll of identify for 32 gold pieces
 30859 | Orc:2    | Found Guhus's Magic Scroll Boutique.
 31170 | Orc:2    | Bought an embroidered cloak for 217 gold pieces
 31170 | Orc:2    | Bought an ichor-stained chain mail for 275 gold pieces
 31170 | Orc:2    | Identified the +0 chain mail of Batasuda {rF+ Str+3} (You
                  | bought it in a shop on level 2 of the Orcish Mines)
 31170 | Orc:2    | Bought a translucent ring mail for 261 gold pieces
 31170 | Orc:2    | Identified the +5 ring mail of Midsummer {Rampage rF+ Int+4
                  | Slay-3} (You bought it in a shop on level 2 of the Orcish
                  | Mines)
 31220 | Orc:2    | Bought a runed war axe for 136 gold pieces
 31220 | Orc:2    | Bought a dazzling hand crossbow for 178 gold pieces
 31220 | Orc:2    | Identified the +6 hand crossbow of Xodudokka {elec, rF+
                  | Will+} (You bought it in a shop on level 2 of the Orcish
                  | Mines)
 31225 | Orc:2    | Bought the +2 hat of the Bear Spirit {Spirit, +Rage rN+
                  | Will++} for 1251 gold pieces
 31225 | Orc:2    | Found the +2 hat of the Bear Spirit {Spirit, +Rage rN+
                  | Will++}
 31241 | Orc:2    | Bought a scorched chain mail for 380 gold pieces
 31241 | Orc:2    | Identified the +3 chain mail "Nops" {Regen+ rCorr Int-4
                  | Stlth+} (You bought it in a shop on level 2 of the Orcish
                  | Mines)
 31428 | D:13     | Reached XP level 15. HP: 119/119 MP: 15/15
 31859 | D:14     | Found a gate to the Vaults.
 31861 | D:14     | Noticed Jorgrun
 32378 | D:14     | Killed Jorgrun
 32721 | Orc:2    | Bought the amulet "Yfetoet" {Reflect Int+4 Slay+5 SH+5} for
                  | 996 gold pieces
 32981 | D:14     | Found Woroy's Antique Armour Shop.
 33046 | D:14     | Noticed Agnes
 33057 | D:14     | Killed Agnes
 33105 | D:14     | Identified the +0 cloak of Morality {-Cast rF++ Will++}
 33248 | D:14     | Found a hazy altar of Hepliaklqana.
 33471 | D:15     | Entered Level 15 of the Dungeon
 33502 | D:15     | Reached skill level 12 in Fighting
 33525 | D:15     | Identified the +1 leather armour "Ficwib" {Rampage rC-
                  | rCorr Slay-5}
 33579 | D:15     | Found a staircase to the Depths.
 33886 | D:15     | Found Qink's Book Emporium.
 34039 | Elf:1    | Entered Level 1 of the Elven Halls
 34081 | Elf:1    | Found a radiant altar of Vehumet.
 34161 | Elf:1    | Gained mutation: You are completely covered in thin
                  | metallic scales. (AC +4, rElec) [demonic ancestry]
 34161 | Elf:1    | Reached XP level 16. HP: 125/127 MP: 14/16
 34238 | Elf:1    | Identified Sif Muna's Volume of Summoning
 34580 | Elf:1    | Paralysed by an air elemental for 1 turns
 34672 | Elf:1    | Found Deow's Weapon Emporium.
 34708 | Elf:1    | Acquired 860 gold pieces
 35541 | D:14     | Bought the +2 shield of Resistance {rF++ rC++ Will++} for
                  | 1817 gold pieces
 35541 | D:14     | Found the +2 shield of Resistance {rF++ rC++ Will++}
 35760 | Elf:2    | Paralysed by an air elemental for 1 turns
 36025 | Elf:2    | Found a runed translucent gate.
 36025 | Elf:2    | Found a runed translucent gate.
 36025 | Elf:2    | Found a runed translucent gate.
 36175 | Elf:2    | Identified the +3 long sword of Colotid {speed, rCorr Str+5
                  | Int-5}
 36526 | Elf:2    | Reached skill level 13 in Fighting
 36719 | Elf:2    | Gained mutation: You are robust. (+10% HP) [demonic
                  | ancestry]
 36719 | Elf:2    | Reached XP level 17. HP: 130/149 MP: 15/17
 36954 | Elf:3    | Entered Level 3 of the Elven Halls
 37526 | Elf:3    | Noticed a Brimstone Fiend
 37543 | Elf:3    | Noticed a deep elf blademaster
 37568 | Elf:3    | Killed a deep elf blademaster
 37743 | Elf:3    | Noticed a deep elf master archer
 37746 | Elf:3    | Killed a deep elf master archer
 37762 | Elf:3    | Noticed a deep elf blademaster
 37764 | Elf:3    | Noticed a deep elf master archer
 37776 | Elf:3    | Killed a deep elf blademaster
 37777 | Elf:3    | Killed a deep elf master archer
 37833 | Elf:3    | Noticed a deep elf master archer
 37863 | Elf:3    | Killed a deep elf master archer
 37928 | Elf:3    | Noticed a deep elf master archer
 37940 | Elf:3    | Killed a deep elf master archer
 37948 | Elf:3    | Reached skill level 15 in Shields
 38184 | Elf:3    | Identified the Almanac of Virous Heat
 38247 | Elf:3    | Identified the Guide on Malediction and Sinister Rites
 38421 | Elf:3    | Found Ceyffi's Magic Scroll Boutique.
 38697 | Orc:2    | Bought a scroll of enchant armour for 120 gold pieces
 38765 | Orc:2    | Bought a scroll of enchant armour for 97 gold pieces
 38915 | Snake:1  | Entered Level 1 of the Snake Pit
 38932 | Snake:1  | Gained mutation: You are very robust. (+20% HP) [demonic
                  | ancestry]
 38932 | Snake:1  | Reached XP level 18. HP: 144/174 MP: 11/18
 39901 | Snake:1  | Reached skill level 1 in Polearms
 40050 | Snake:1  | You fall into a shaft and drop 1 floor!
 40123 | Snake:1  | Identified Roxanne's Compendium of Moulding
 40123 | Snake:1  | Noticed Roxanne
 40144 | Snake:1  | Killed Roxanne
 40341 | Snake:2  | Noticed Donald
 40348 | Snake:2  | Killed Donald
 40551 | Snake:2  | Found Gulev's Jewellery Emporium.
 41080 | Snake:2  | Reached skill level 14 in Fighting
 41099 | Snake:2  | Reached skill level 15 in Armour
 41298 | Snake:2  | Identified the +0 scale mail of Fanaticism {rPois Str+4}
 42439 | Elf:3    | Bought a scroll of brand weapon for 360 gold pieces
 42571 | Elf:3    | Bought a scroll of enchant weapon for 135 gold pieces
 42672 | Orc:2    | Bought a scroll of enchant weapon for 300 gold pieces
 42860 | Snake:4  | Entered Level 4 of the Snake Pit
 43186 | Snake:4  | Reached XP level 19. HP: 109/183 MP: 19/19
 44335 | Snake:4  | Got a serpentine rune of Zot
 44546 | Swamp:1  | Entered Level 1 of the Swamp
 44865 | Swamp:1  | Reached skill level 10 in Stealth
 44940 | Swamp:1  | Reached skill level 10 in Evocations
 45517 | Swamp:2  | Acquired 1094 gold pieces
 45737 | Swamp:2  | Reached skill level 5 in Polearms
 46435 | Swamp:3  | Noticed Bai Suzhen
 46464 | Swamp:2  | Killed Bai Suzhen
 46465 | Swamp:2  | Reached skill level 10 in Crossbows
 46861 | Swamp:3  | Identified the +0 robe "Otatukh" {Will- Int+5 Stlth+}
 47278 | Swamp:4  | Entered Level 4 of the Swamp
 47568 | Orc:2    | Bought an embroidered cloak for 240 gold pieces
 47949 | Swamp:4  | Reached skill level 15 in Fighting
 48511 | Swamp:4  | Reached XP level 20. HP: 194/194 MP: 20/20
 48573 | Swamp:4  | Reached skill level 15 in Dodging
 48717 | Swamp:4  | Got a decaying rune of Zot
 48937 | Vaults:1 | Entered Level 1 of the Vaults
 49147 | Vaults:1 | Noticed Saint Roka
 49168 | Vaults:1 | Killed Saint Roka
 49250 | Vaults:1 | Noticed Asterion
 49269 | Vaults:1 | Killed Asterion
 50302 | Vaults:2 | Found a staircase to the Crypt.
 51854 | Vaults:3 | Gained mutation: You are completely covered in sharp
                  | spines. [demonic ancestry]
 51854 | Vaults:3 | Reached XP level 21. HP: 204/204 MP: 21/21
 52030 | Vaults:3 | Noticed Sojobo
 52046 | Vaults:3 | Killed Sojobo
 52050 | Vaults:3 | Reached skill level 16 in Fighting
 52219 | Vaults:3 | Found a huge runed gate.
 52220 | Vaults:3 | Found a huge runed gate.
 52221 | Vaults:3 | Found a huge runed gate.
 52248 | Vaults:3 | Found a huge runed gate.
 52248 | Vaults:3 | Found a huge runed gate.
 52248 | Vaults:3 | Found a huge runed gate.
 52248 | Vaults:3 | Found a huge runed gate.
 52337 | Vaults:3 | Found a huge runed gate.
 52337 | Vaults:3 | Found a huge runed gate.
 52337 | Vaults:3 | Found a huge runed gate.
 52338 | Vaults:3 | Found a huge runed gate.
 52338 | Vaults:3 | Found a huge runed gate.
 52339 | Vaults:3 | Found a huge runed gate.
 52340 | Vaults:3 | Found a huge runed gate.
 52341 | Vaults:3 | Found a huge runed gate.
 52342 | Vaults:3 | Found a huge runed gate.
 52470 | Vaults:3 | Identified Asuud's Catalogue of Ashen Toxins
 52477 | Vaults:3 | Found a huge runed gate.
 52477 | Vaults:3 | Found a huge runed gate.
 52477 | Vaults:3 | Found a huge runed gate.
 52477 | Vaults:3 | Found a huge runed gate.
 52477 | Vaults:3 | Found a huge runed gate.
 52477 | Vaults:3 | Found a huge runed gate.
 52478 | Vaults:3 | Found a huge runed gate.
 52479 | Vaults:3 | Found a huge runed gate.
 52480 | Vaults:3 | Found a huge runed gate.
 52489 | Vaults:3 | Found a huge runed gate.
 52489 | Vaults:3 | Found a huge runed gate.
 52489 | Vaults:3 | Found a huge runed gate.
 52489 | Vaults:3 | Found a huge runed gate.
 52489 | Vaults:3 | Found a huge runed gate.
 52489 | Vaults:3 | Found a huge runed gate.
 52489 | Vaults:3 | Found a huge runed gate.
 52490 | Vaults:3 | Found a huge runed gate.
 52616 | Vaults:3 | Found a huge runed gate.
 52624 | Vaults:3 | Found a huge runed gate.
 52624 | Vaults:3 | Found a huge runed gate.
 53183 | Vaults:3 | Found Deryaxa's Antique Weapon Emporium.
 53494 | Vaults:3 | Found the +27 Lear's hauberk
 54111 | Vaults:4 | Noticed Margery
 54128 | Vaults:4 | Killed Margery
 54387 | Vaults:4 | Reached skill level 10 in Polearms
 54912 | Vaults:4 | Gained mutation: You are extremely robust. (+30% HP)
                  | [demonic ancestry]
 54912 | Vaults:4 | Reached XP level 22. HP: 193/234 MP: 20/22
 55161 | Vaults:5 | Entered Level 5 of the Vaults
 55167 | Vaults:5 | Reached skill level 17 in Fighting
 55189 | Vaults:5 | Noticed a dread lich
 55212 | Vaults:5 | Killed a dread lich
 55624 | Vaults:5 | Acquired 924 gold pieces
 55713 | Vaults:5 | Noticed an ancient lich
 55726 | Vaults:5 | Killed an ancient lich
 55727 | Vaults:5 | Reached XP level 23. HP: 127/247 MP: 12/23
 56669 | Vaults:5 | Reached skill level 18 in Fighting
 56879 | Vaults:5 | Identified the +8 plate armour of Tulips {+Blink Str+4
                  | Dex+4}
 57120 | Vaults:5 | Got a silver rune of Zot
 57168 | Vaults:5 | Identified the amulet of Muwuar {Spirit Stlth+}
 57218 | Vaults:5 | Identified the Compendium of the Destructive Arsonist
 57249 | Vaults:5 | Found the +0 staff of Battle
 57496 | Depths:1 | Entered Level 1 of the Depths
 57538 | Depths:1 | Identified the +9 rapier "Hugesk" {venom, rC- rN+ Str+5}
 57624 | Depths:1 | Found Radaovakyak's Antique Weapon Emporium.
 57673 | Depths:1 | Bought a bloodstained hand crossbow for 306 gold pieces
 57673 | Depths:1 | Identified the +8 hand crossbow "Rastroowk" {penet, Stlth+}
                  | (You bought it in a shop on level 1 of the Depths)
 57699 | Depths:1 | Found a snail-covered altar of Cheibriados.
 58621 | Depths:1 | Found a gateway to Hell.
 58736 | Depths:1 | Found a one-way gate to the infinite horrors of the Abyss.
 58887 | Depths:1 | Found Etapn's Antique Weapon Boutique.
 58887 | Depths:1 | Found Yrucuico's Antique Armour Shop.
 58891 | Depths:1 | Found Asmuxabb's Distillery.
 58899 | Depths:1 | Bought a potion of invisibility for 120 gold pieces
 58899 | Depths:1 | Bought a potion of heal wounds for 75 gold pieces
 58947 | Depths:1 | Found a radiant altar of Vehumet.
 59242 | Depths:2 | Found a gateway to a ziggurat.
 59423 | Depths:2 | Reached skill level 15 in Axes
 59629 | Depths:2 | Paralysed by a floating eye for 3 turns
 59650 | Depths:2 | Paralysed by a floating eye for 4 turns
 59660 | Depths:2 | Paralysed by a floating eye for 3 turns
 59666 | Depths:2 | Paralysed by a floating eye for 2 turns
 59677 | Depths:2 | Paralysed by a floating eye for 3 turns
 59686 | Depths:2 | Paralysed by a floating eye for 2 turns
 59696 | Depths:2 | Gained mutation: You regenerate health from kills. [demonic
                  | ancestry]
 59696 | Depths:2 | Reached XP level 24. HP: 259/260 MP: 23/23
 59786 | Depths:2 | Reached skill level 19 in Fighting
 59886 | Depths:2 | Identified the +11 fustibalus of the Fray {venom, Stlth+}
 59903 | Depths:2 | Found a sparkling altar of Nemelex Xobeh.
 60583 | Depths:3 | Found a one-way gate leading to the halls of Pandemonium.
 61188 | Depths:3 | Found a stormy altar of Qazlal.
 61484 | Depths:3 | Reached skill level 20 in Fighting
 62276 | Depths:4 | Found a shadowy altar of Dithmenos.
 62658 | Depths:5 | Entered Level 5 of the Depths
 62708 | Depths:5 | Gained mutation: You regenerate a lot of health from kills.
                  | [demonic ancestry]
 62708 | Depths:5 | Reached XP level 25. HP: 275/275 MP: 23/23
 62788 | Depths:5 | Noticed Frederick
 62804 | Depths:5 | Killed Frederick
 63280 | Depths:5 | Found a gate to the Realm of Zot.
 63325 | Depths:5 | Reached skill level 21 in Fighting
 63452 | Depths:5 | Found the +10 Black Knight's barding {ponderous, rPois rN+}
 63586 | Depths:5 | Learned a level 2 spell: Blink
 63590 | Depths:5 | Learned a level 3 spell: Lesser Beckoning
 63594 | Depths:5 | Learned a level 3 spell: Teleport Other
 63599 | Depths:5 | Learned a level 4 spell: Iskenderun's Mystic Blast
 63604 | Depths:5 | Learned a level 4 spell: Passage of Golubria
 63610 | Depths:5 | Learned a level 5 spell: Manifold Assault
 63869 | Depths:5 | Noticed an ancient lich
 63882 | Depths:5 | Reached skill level 1 in Spellcasting
 63882 | Depths:5 | Reached skill level 1 in Translocations
 63888 | Depths:5 | Killed an ancient lich
 63943 | Depths:5 | Identified the Tome of Enchantment and the Arsonist
 63945 | Depths:5 | Upgraded the game from 0.27-a0-1287-gca74d27db6 to
                  | 0.27-a0-1291-geefcff550b
 64149 | Crypt:1  | Entered Level 1 of the Crypt
 64455 | Crypt:1  | Noticed Xtahua
 64465 | Crypt:1  | Killed Xtahua
 66426 | Crypt:3  | Entered Level 3 of the Crypt
 66544 | Crypt:3  | Reached XP level 26. HP: 277/285 MP: 28/28
 66858 | Crypt:3  | Found a basalt altar of Yredelemnul.
 67593 | Crypt:3  | Found a staircase to the Tomb.
 68178 | Crypt:3  | Reached skill level 5 in Spellcasting
 68225 | Crypt:3  | Identified the +5 long sword "Neomapag" {speed, rF+ rC+
                  | Int+3}
 68247 | Crypt:3  | Reached skill level 5 in Translocations
 69412 | Crypt:3  | Identified the Collected Works on Evil
 69414 | Crypt:3  | Identified the amulet "Naimam" {rElec rC- Regen+ Int+2}
 69414 | Crypt:3  | Identified the amulet of Noutek {-Tele rElec Will+ Regen+
                  | Dex+2}
 69414 | Crypt:3  | Identified the ring "Kalyv" {*Corrode rElec rN+ Str+4}
 69930 | Slime:1  | Entered Level 1 of the Pits of Slime
 70429 | Slime:2  | Gained mutation: Your magical capacity is low. (-10% MP) [a
                  | shining eye]
 70435 | Slime:2  | Gained mutation: You are somewhat resistant to further
                  | mutation. [a shining eye]
 71096 | Slime:5  | Entered Level 5 of the Pits of Slime
 71267 | Slime:5  | Found a viscous altar of Jiyva.
 71268 | Slime:5  | Noticed the Royal Jelly
 71320 | Slime:5  | Killed the Royal Jelly
 71522 | Slime:5  | Found the +5 demon whip "Spellbinder" {antimagic, Will+}
 71524 | Slime:5  | Identified the +6 trident "Otecwaj" {vorpal, rF- Str+2
                  | Int+7 Stlth+}
 71545 | Slime:5  | Got a slimy rune of Zot
 71557 | Slime:5  | Identified the +6 battleaxe "Muhutin" {speed, rC+ rN+++
                  | Dex-3}
 71560 | Slime:5  | Identified the +8 plate armour "Cuch" {Fly rN+}
 71582 | Slime:5  | Identified the +4 plate armour "Qolerhef" {rElec Dex+3}
 71590 | Slime:5  | Identified the +6 chain mail "Cuom Ydois" {rCorr}
 71607 | Slime:5  | Identified the +3 falchion "Afuwyudd" {vorpal, rCorr Str+4
                  | Int-3}
 72533 | Slime:1  | Reached XP level 27. HP: 300/300 MP: 30/30
 72697 | Slime:1  | You fall into a shaft and drop 1 floor!
 73092 | Depths:1 | Voluntarily entered the Abyss.
 73273 | Abyss:3  | Reached skill level 22 in Fighting
 73288 | Abyss:3  | Found a sparkling altar of Nemelex Xobeh.
 73327 | Abyss:3  | Found a sparkling altar of Nemelex Xobeh.
 73402 | Abyss:3  | Gained mutation: You are weak. (Str -2) [a neqoxec]
 73688 | Abyss:3  | Reached skill level 15 in Evocations
 73688 | Abyss:3  | Found a sparkling altar of Nemelex Xobeh.
 73738 | Abyss:3  | Gained mutation: You sometimes lose the ability to read
                  | scrolls when taking damage. [a neqoxec]
 73951 | Abyss:3  | Found a sparkling altar of Nemelex Xobeh.
 74062 | Abyss:3  | Paralysed by accursed screaming for 2 turns
 74160 | Abyss:3  | Paralysed by accursed screaming for 2 turns
 74179 | Abyss:3  | Paralysed by accursed screaming for 2 turns
 74197 | Abyss:3  | Found a sparkling altar of Nemelex Xobeh.
 74336 | Abyss:3  | Reached skill level 1 in Conjurations
 74395 | Abyss:3  | Found a sparkling altar of Nemelex Xobeh.
 74463 | Abyss:3  | Noticed an ancient lich
 74502 | Abyss:3  | Killed an ancient lich
 74515 | Abyss:3  | Paralysed by accursed screaming for 2 turns
 74625 | Abyss:3  | Paralysed by accursed screaming for 1 turns
 75467 | Abyss:3  | Reached skill level 10 in Translocations
 75487 | Abyss:3  | Reached skill level 10 in Spellcasting
 75606 | Abyss:3  | Reached skill level 5 in Conjurations
 76247 | Abyss:3  | Found a corrupted altar of Lugonu.
 76562 | Abyss:3  | Got an abyssal rune of Zot
 76739 | Depths:1 | Escaped the Abyss
 76767 | Hell     | Entered the Vestibule of Hell
 76774 | Hell     | Noticed Geryon
 76805 | Hell     | Reached skill level 23 in Fighting
 76973 | Hell     | Killed Geryon
 77136 | Hell     | Found a gateway to the Iron City of Dis.
 77279 | Hell     | Found a gateway to the freezing wastes of Cocytus.
 77430 | Hell     | Found a gateway to the decaying netherworld of Tartarus.
 77507 | Hell     | Found a gateway to the ashen valley of Gehenna.
 77646 | Dis:1    | Entered Level 1 of the Iron City of Dis
 82174 | Dis:6    | Noticed a royal mummy
 82194 | Dis:6    | HP: 11/306 [mummy priest/divine providence (8)]
 82196 | Dis:7    | Entered Level 7 of the Iron City of Dis
 83267 | Dis:7    | Reached skill level 10 in Conjurations
 83801 | Dis:7    | Reached skill level 24 in Fighting
 84008 | Dis:7    | Found the +4 staff of Dispater
 84008 | Dis:7    | Noticed Dispater
 84050 | Dis:7    | Killed Dispater
 84618 | Dis:7    | Identified the +0 chain mail "Nis Iloo" {rF+ Str+2 Stlth+}
 84714 | Dis:7    | Identified the ring "Vabrops" {rN+ Int+6 Slay+2}
 84994 | Dis:7    | Got an iron rune of Zot
 85101 | Dis:7    | Identified the Guide on Confrontation
 85274 | Geh:1    | Entered Level 1 of Gehenna
 87274 | Geh:6    | Reached skill level 15 in Translocations
 87515 | Geh:6    | Reached skill level 15 in Spellcasting
 87553 | Geh:7    | Entered Level 7 of Gehenna
 87568 | Geh:7    | Reached skill level 25 in Fighting
 88289 | Geh:7    | Learned a level 5 spell: Iskenderun's Battlesphere
 88296 | Geh:7    | Learned a level 6 spell: Dispersal
 88451 | Geh:7    | Identified the ring of Compulsion {rElec rPois rC+ Str-2
                  | Int+5}
 88592 | Geh:7    | Lost mutation: You are weak. (Str -2) [potion of mutation]
 88592 | Geh:7    | Lost mutation: Your magical capacity is low. (-10% MP)
                  | [potion of mutation]
 88593 | Geh:7    | Lost mutation: You sometimes lose the ability to read
                  | scrolls when taking damage. [potion of mutation]
 88593 | Geh:7    | Lost mutation: You are somewhat resistant to further
                  | mutation. [potion of mutation]
 88593 | Geh:7    | Gained mutation: Your muscles are strong. (Str +2) [potion
                  | of mutation]
 88593 | Geh:7    | Gained mutation: Armour fits poorly on your strangely
                  | shaped body. [potion of mutation]
 88593 | Geh:7    | Gained mutation: Your muscles are very strong. (Str +4)
                  | [potion of mutation]
 89193 | Geh:7    | Found the +7 sceptre of Asmodeus
 89193 | Geh:7    | Noticed Asmodeus
 89219 | Geh:7    | Killed Asmodeus
 89316 | Geh:7    | Cast into level 2 of the Abyss (hell knight)
 89380 | Abyss:2  | Learned a level 7 spell: Orb of Destruction
 89421 | Geh:7    | Escaped the Abyss
 89479 | Geh:7    | Got an obsidian rune of Zot
 89606 | Geh:7    | Reached skill level 15 in Conjurations
 90209 | Coc:1    | Entered Level 1 of Cocytus
 90259 | Coc:1    | Learned a level 6 spell: Iron Shot
 90263 | Coc:1    | Learned a level 3 spell: Stone Arrow
 90283 | Coc:1    | Learned a level 7 spell: Spellforged Servitor
 90429 | Coc:1    | Reached skill level 1 in Summonings
 90429 | Coc:1    | Reached skill level 1 in Earth Magic
 91406 | Coc:4    | You fall into a shaft and drop 2 floors!
 91423 | Coc:7    | Entered Level 7 of Cocytus
 91496 | Coc:7    | Reached skill level 5 in Summonings
 91513 | Coc:7    | Reached skill level 5 in Earth Magic
 91547 | Coc:7    | Noticed Antaeus
 91594 | Coc:7    | Reached skill level 26 in Fighting
 91608 | Coc:7    | Killed Antaeus
 92565 | Coc:7    | Got an icy rune of Zot
 93111 | Coc:7    | Identified the +5 demon whip of the Fray {venom, Str+3}
 93316 | Tar:1    | Entered Level 1 of Tartarus
 93536 | Tar:3    | You fall into a shaft and drop 1 floor!
 93874 | Tar:4    | You fall into a shaft and drop 1 floor!
 94164 | Tar:5    | Reached skill level 10 in Summonings
 94291 | Tar:6    | You fall into a shaft and drop 1 floor!
 94291 | Tar:7    | Entered Level 7 of Tartarus
 94417 | Tar:7    | Noticed an ancient lich
 94418 | Tar:7    | Noticed an ancient lich
 94438 | Tar:7    | Killed an ancient lich
 94440 | Tar:7    | Reached skill level 10 in Earth Magic
 94450 | Tar:7    | Killed an ancient lich
 95405 | Tar:7    | Noticed Ereshkigal
 95434 | Tar:7    | Killed Ereshkigal
 95623 | Tar:7    | Got a bone rune of Zot
 95717 | Tar:7    | Identified the +6 falchion of Chance {protect, Will+ Str+7
                  | Int-2}
 95719 | Tar:7    | Identified the +9 dagger "Raats" {freeze, rF+ rC+}
 95720 | Tar:7    | Identified the +4 scimitar of Pride {freeze, +Blink}
 95721 | Tar:7    | Identified the +6 flail of Demonkind {vorpal, *Corrode
                  | rPois rF+ Dex+6}
 96099 | Tar:7    | Identified the Papyrus of Bewitching Toxins
 96107 | Tar:7    | Identified Sif Muna's Tome of the Sinister Rocks
 97188 | Pan      | Entered Pandemonium
 97755 | Pan      | Noticed Ruts the pandemonium lord
 97777 | Pan      | Killed Ruts the pandemonium lord
 98771 | Pan      | Noticed Laelich the pandemonium lord
 98786 | Pan      | Killed Laelich the pandemonium lord
 99188 | Pan      | Identified the +5 great sword "Mula" {vorpal, rElec Stlth+}
 99359 | Pan      | Found a runed translucent door.
 99363 | Pan      | Found a runed translucent door.
 99365 | Pan      | Found a runed translucent door.
 99367 | Pan      | Noticed Kerohos the pandemonium lord
 99377 | Pan      | Killed Kerohos the pandemonium lord
 99448 | Pan      | Lost mutation: Your muscles are very strong. (Str +4)
                  | [potion of mutation]
 99448 | Pan      | Lost mutation: Armour fits poorly on your strangely shaped
                  | body. [potion of mutation]
 99448 | Pan      | Gained mutation: You evolve. [potion of mutation]
 99530 | Pan      | Learned a level 6 spell: Conjure Ball Lightning
 99561 | Pan      | Found a runed translucent door.
 99618 | Pan      | Gained mutation: Your magical capacity is low. (-10% MP)
                  | [evolution]
 99630 | Pan      | Reached skill level 1 in Air Magic
100471 | Pan      | Identified the +1 pair of gloves of the Tormentor {rC+}
100802 | Pan      | Noticed Guziruv the pandemonium lord
100805 | Pan      | Gained mutation: You are occasionally teleported next to
                  | monsters. [a neqoxec]
100824 | Pan      | Killed Guziruv the pandemonium lord
100825 | Pan      | Reached skill level 15 in Stealth
101495 | Pan      | Found an exit through the horrors of the Abyss.
101646 | Pan      | Identified the +0 buckler "Xasytuoq" {Harm}
102174 | Pan      | Identified the +8 dagger of the Known World {venom, Str+4}
102305 | Pan      | Identified the +0 buckler "Ytoan" {rF+ Str+3 SInv}
102472 | Pan      | Identified the +1 robe "Elutiotip" {Regen+ rCorr}
102694 | Pan      | Identified the -5 tower shield "Ejua" {Fly Dex+4}
102797 | Pan      | Noticed a seraph
103029 | Pan      | Reached skill level 5 in Air Magic
103359 | Pan      | Reached skill level 15 in Summonings
104582 | Pan      | Identified the +5 tower shield of Nusul {Will+ Int+3}
105282 | Pan      | Identified the ring of Qotourhi {rC+ rCorr Int+4 Dex-4}
105288 | Pan      | Identified the +0 arbalest of Osoig {elec, rPois}
105288 | Pan      | Identified the amulet "Trusted Companion" {Reflect Rampage
                  | SH+5}
105297 | Pan      | Killed a seraph
105475 | Pan      | Got a demonic rune of Zot
105769 | Pan      | Noticed Lalog the pandemonium lord
105795 | Pan      | Killed Lalog the pandemonium lord
106434 | Pan      | Found a runed translucent door.
106436 | Pan      | Found a runed translucent door.
106440 | Pan      | Found a runed translucent door.
106442 | Pan      | Noticed Atridono the pandemonium lord
106450 | Pan      | Killed Atridono the pandemonium lord
106467 | Pan      | Found a runed translucent door.
106501 | Pan      | Found an exit through the horrors of the Abyss.
106510 | Pan      | Entered the realm of Gloorx Vloq.
106830 | Pan      | Noticed Gloorx Vloq
107235 | Pan      | Reached skill level 15 in Earth Magic
107483 | Pan      | Killed Gloorx Vloq
107696 | Pan      | Got a dark rune of Zot
107908 | Pan      | Entered the realm of Lom Lobon.
107908 | Pan      | Found an exit through the horrors of the Abyss.
108253 | Pan      | Noticed Lom Lobon
108265 | Pan      | Got a magical rune of Zot
108354 | Pan      | Noticed Bouvinapn the pandemonium lord
108376 | Pan      | Killed Bouvinapn the pandemonium lord
108682 | Pan      | Reached skill level 10 in Air Magic
108690 | Pan      | Gained mutation: Your spells are a little easier to cast,
                  | but a little less powerful. [a neqoxec]
108865 | Pan      | Noticed Vaxyly the pandemonium lord
108872 | Pan      | Gained mutation: Your spells are easier to cast, but less
                  | powerful. [a neqoxec]
108887 | Pan      | Killed Vaxyly the pandemonium lord
109307 | Pan      | Entered the realm of Mnoleg.
109340 | Pan      | Gained mutation: You are clumsy. (Dex -2) [a neqoxec]
109504 | Pan      | Gained mutation: You are very clumsy. (Dex -4) [a neqoxec]
109554 | Pan      | Gained mutation: You occasionally shout uncontrollably at
                  | your foes. [a neqoxec]
109555 | Pan      | Gained mutation: Your magical capacity is very low. (-20%
                  | MP) [a neqoxec]
109557 | Pan      | Gained mutation: You do not regenerate when monsters are
                  | visible. [a cacodemon]
109559 | Pan      | Gained mutation: You frequently scream uncontrollably at
                  | your foes. [a neqoxec]
109568 | Pan      | Lost mutation: Your muscles are strong. (Str +2) [a shining
                  | eye]
109578 | Pan      | Paralysed by a floating eye for 2 turns
109587 | Pan      | Paralysed by a floating eye for 4 turns
109597 | Pan      | Noticed Mnoleg
109625 | Pan      | Killed Mnoleg
110019 | Pan      | Identified the ring of Enangow {rN+ MP+9 Dex+2}
110141 | Pan      | Acquired the +0 pair of gloves "Ozuneczaji" {rN+ Regen+}
110265 | Pan      | Gained mutation: You sometimes lose the ability to read
                  | scrolls when taking damage. [a cacodemon]
110308 | Pan      | Got a glowing rune of Zot
110565 | Pan      | Entered the realm of Cerebov.
110581 | Pan      | Found the +6 sword of Cerebov {flame}
110581 | Pan      | Noticed Cerebov
110760 | Pan      | Identified the ring of Itofafuab {rF+ Dex+6}
110862 | Pan      | Slain by Cerebov

Illustrated notes

Levels and vault maps discovered:
D:1:      dpeg_arrival_three_same_balls, layout_basic, serial_bayou_pond_e,
          hangedman_decor_points, wad_floor_pattern_untrapped
D:2:      layout_basic, grunt_ministairs_5, minmay_misc_feat_tiny,
          dk_noncrumbling_3, minmay_misc_feat_ornament, grunt_decor_cap
D:3:      layout_basic, chequers_ecumenical_altar_simple_redux, uniq_terence
D:4:      layout_cave_pods
D:5:      layout_cave_pools, minmay_temple_entry_ruins, roderic_lattice_a
D:6:      layout_gridville
D:7:      layout_loops_ring, kennysheep_mini, minmay_manual_mail
D:8:      layout_loops_ring, chequers_temple_overflow_statue_of_worship,
          minmay_crystal_room, uniq_maurice
D:9:      layout_long_grid, uniq_grum
D:10:     statuecave_lemuel, layout_loops_ring, minmay_misc_feat_chi,
          minivault_16, uniq_urug
D:11:     layout_basic, lair_entry_dummy
D:12:     layout_roguey, orc_0_dummy, uniq_fannar, uniq_erolcha, uniq_kirke
D:13:     layout_long_grid
D:14:     layout_loops_corners, lightli_vaults_fourway_checkpoint, serial_shops,
          nicolae_shop_overgrown_old_shop, solitary_fountain,
          worldfamousw_hep_ancestral_shrine, uniq_agnes, uniq_jorgrun
D:15:     gammafunk_depths_entry_grave, layout_cross, minmay_splitting_lines,
          serial_shops, shop
Temple:   dpeg_five_rooms_temple
Lair:1:   layout_cave_shapes, tgw_fedhas, grunt_megastairs_1, uniq_erica
Lair:2:   layout_big_grid, minmay_swamp_entry_reptiles, gauntlet_entry_generic
Lair:3:   layout_layer_cave, portal_ice_cave_entry_pillars_2, grunt_megastairs_2
Lair:4:   layout_misc_corridors, minmay_snake_entry_six_corridors, special_room
          [special_room_bee], enter_volcano_4
Lair:5:   layout_loops_ring
Lair:6:   gammafunk_lair_ancient_temple, layout_layer_cave,
          minmay_slime_entry_oklob_open, uniq_sonja
Swamp:1:  layout_basic_swamp, infiniplex_staircase_pool_2
Swamp:2:  layout_basic_swamp, nicolae_swamp_stair_fork, swamp_pool3
Swamp:3:  layout_basic_swamp, nicolae_swamp_godswood, swamp_pool1,
          uniq_bai_suzhen
Swamp:4:  swamp_vile, layout_basic_swamp
Snake:1:  layout_grid_maze, serial_bayou_shore_b, lemuel_fruit_tree,
          uniq_roxanne
Snake:2:  layout_layer_cave, serial_shops, nicolae_shop_crystal,
          nicolae_snake_snakes_in_the_grass, uniq_donald
Snake:3:  layout_rooms
Snake:4:  snake_pit, layout_chambers, st_stairs_4
Slime:1:  layout_caves
Slime:2:  layout_caves, cheibrodos_slime_lost_civilization_7
Slime:3:  layout_caves
Slime:4:  layout_caves
Slime:5
Orc:1:    layout_diamond_mine
Orc:2:    grunt_orc_community_town_hall, layout_caves,
          grunt_orc_community_big_house_1, grunt_orc_community_big_house_2,
          grunt_orc_community_house_2, grunt_orc_community_house_3,
          grunt_orc_community_house_2, grunt_orc_community_house_2,
          grunt_orc_community_house_3, basic_altar, uniq_rupert
Elf:1:    eino_elf_arrival_altar, layout_loops_cross, serial_shops,
          shop_fountains, minmay_elf_demonology, hangedman_elf_disciples
Elf:2:    layout_geoelf_diagonals
Elf:3:    minmay_elf_hall_not_hex, layout_geoelf_grid, serial_shops,
          nicolae_shop_crystal, lemuel_flamethrower_2
Vaults:1: grunt_vaults_funnel, hangedman_vaults_nails, vaults_room_pool,
          v_pattern_1, nicolae_vaults_mini_display_case, vaults_mumra_hexcomb,
          dpeg_vaults_monster_box, nicolae_vaults_little_squares_1,
          vaults_dpeg_encased_lava, ontoclasm_vaults_tryst, v_misc_24,
          nicolae_vaults_rhombus_6, nicolae_vaults_ring_of_whatevers,
          layout_vaults_omnibox, uniq_asterion, uniq_saint_roka
Vaults:2: minmay_crypt_entry_simple_plaza, v_misc_18, ontoclasm_vaults_hangar,
          nicolae_vaults_alarming, vaults_room_pool, hangedman_vaults_trim,
          vaults_room_hallway, nicolae_vaults_little_squares_4,
          layout_vaults_chaotic_city
Vaults:3: v_alt_pattern_3, hangedman_vaults_slice, v_pattern_4,
          grunt_vaults_twisty, vaults_door_vault, nicolae_vaults_network_star,
          nicolae_vaults_sealed_display, v_misc_25, hangedman_vaults_stagger,
          ontoclasm_vaults_ring_square, ontoclasm_vaults_misaligned,
          layout_vaults_ring, serial_shops, nicolae_shop_behind_doors,
          uniq_sojobo
Vaults:4: nicolae_vaults_windows_and_doors_thing, vaults_room_pool,
          hangedman_vaults_cutoff, ontoclasm_vaults_ring_small,
          nicolae_vaults_shelves_hall, v_misc_12, ontoclasm_vaults_shuriken,
          layout_vaults_omnigrid, uniq_margery
Vaults:5: serial_shops
Crypt:1:  layout_misc_corridors, serial_co_window_serial, co_window_paths_a,
          co_window_paths_a, co_window_of_opportunity_a, co_window_corner_a,
          co_window_of_opportunity_a, co_window_cross_4, co_window_corner_b,
          co_window_of_opportunity_c, co_window_corner_b, co_window_4corner_a,
          glass_columns_c, glass_columns_b, glass_columns_c, glass_columns_c,
          uniq_xtahua
Crypt:2:  layout_chaotic_city
Crypt:3:  evilmike_haunted_forest
Depths:1: layout_forbidden_donut, abyss_entry_crystal, vehumet_crystals,
          serial_shops, nicolae_shop_trees, hell_entry, st_stairs_14,
          slow_altar_1, minmay_shop_star
Depths:2: minmay_the_grid_square_5x5_3x3 [minmay_the_grid_square_5x5_moneybag,
          minmay_the_grid_square_5x5_misaligned,
          minmay_the_grid_square_5x5_shrine1, minmay_the_grid_square_5x5_corner,
          minmay_the_grid_square_5x5_megaprize_crossed,
          minmay_the_grid_square_5x5_forky, minmay_the_grid_square_5x5_mess,
          minmay_the_grid_square_5x5_fat_x,
          minmay_the_grid_square_5x5_inverted_slash], layout_cave_pools,
          enter_ziggurat_c, hell_entry, nemelex_spade_bored_becter
Depths:3: regret_index_qazlal_generations, layout_gridlike,
          grunt_pan_entry_zigzag, special_room [special_room_mythical_zoo],
          hangedman_decor_growths, serial_corexii_hall, corexii_hall_statues_l,
          corexii_hall_statues_t, hell_entry, abyss_entry
Depths:4: minmay_angry_zag, layout_gridlike, hangedman_abyss_entry_splay,
          nicolae_dithmenos_shadow_blocks, serial_glass, glass_columns_a,
          glass_columns_a, glass_columns_a, glass_columns_a, glass_columns_c,
          glass_columns_a, pf_coc_iceberg, kennysheep_generic_room_10
Depths:5: hangedman_pleasuredromes, hell_entry, serial_shops, uniq_frederick
Hell
Dis:1:    layout_gridville
Dis:2:    layout_regular_city
Dis:3:    layout_regular_city, nicolae_dis_hell_towers
Dis:4:    layout_jigsaw
Dis:5:    layout_jigsaw
Dis:6:    lemuel_mystery_crypt, layout_regular_city
Dis:7:    iron_city_of_dis [dis_grunt, dis_wall_3], layout_chaotic_city
Geh:1:    layout_gehenna_pools_basic
Geh:2:    layout_gehenna_pools_box
Geh:3:    layout_gehenna_pools_triple
Geh:4:    layout_gehenna_pools_triple, lemuel_elevator
Geh:5:    layout_gehenna_pools_triple, nicolae_geh_single_fiery_grave
Geh:6:    layout_gehenna_lava_caves
Geh:7:    evilmike_geh
Coc:1:    layout_cocytus_water_paths
Coc:2:    layout_cocytus_water_paths
Coc:3:    layout_ice_bergs
Coc:4:    layout_cocytus_water_paths
Coc:6:    layout_cocytus_water_paths
Coc:7:    coc_dpeg
Tar:1:    layout_grid_maze, nicolae_tar_cuneiform_water
Tar:2:    layout_cathedral_of_symmetry
Tar:3:    layout_honeycomb
Tar:4:    layout_catacombs
Tar:5:    layout_catacombs
Tar:6:    layout_grid_maze
Tar:7:    tar_old
Pan:      grunt_pan_spiral, layout_basic, pan_blood_fountain_small,
          reaverb_pan_squares, nicolae_pan_sigil_obb, evilmike_mini_pan_V,
          layout_irregular_city, pan_blood_fountain_2, rand_demon_7,
          layout_grid_shapes, pan_blood_fountain_small,
          nicolae_pan_door_chamber, layout_long_grid, evilmike_holy_pan,
          evilmike_mini_pan_possible_glass, layout_irregular_city, rand_demon_7,
          layout_basic, pan_blood_fountain_2, gloorx_vloq_st,
          layout_pan_divisions_a [pan_division_quadrant_a6,
          pan_division_quadrant_a5, pan_division_quadrant_a1,
          pan_division_quadrant_a3, pan_division_octagon_box],
          pan_blood_fountain_small, lom_lobon, layout_irregular_city,
          evilmike_mini_pan_pillars_b, layout_grid_shapes,
          pan_blood_fountain_small, evilmike_mini_pan_diamond, layout_gridlike,
          reaverb_pan_figure_eight, nicolae_pan_cerebovesque_2,
          mnoleg_grunt_wretched_star, layout_basic, pan_blood_fountain_2,
          cerebov_grunt, layout_gridlike, pan_captured_pigsty

Skill      XL: |  1  2  3  4  5  6  7  8  9 10 11 12 13 14 15 16 17 18 19 20 21 22 23 24 25 26 27 |
---------------+----------------------------------------------------------------------------------+-----
Axes           | 2 3 4 5 6 7 8 9 10 11 12 15 16 | 16.8
Armour         | 3 4 5 6 7 8 9 11 13 14 15 16 17 18 19 21 | 21.3
Dodging        | 1 2 3 4 5 6 7 9 10 11 12 13 14 16 17 18 19 21 | 21.3
Shields        | 3 4 5 6 7 8 9 11 13 14 15 16 | 16.5
Throwing       | 1 2 3 4 5 6 |  6.0
Evocations     | 1 2 3 4 6 8 9 10 12 13 14 17 | 17.8
Fighting       | 4 5 6 8 9 10 11 12 13 14 15 16 17 18 20 21 26 | 26.1
Stealth        | 3 5 6 7 8 9 10 12 14 17 | 17.5
Crossbows      | 1 4 5 6 8 9 10 | 10.0
Polearms       | 4 6 8 10 11 | 11.6
Spellcasting   | 3 7 18 | 18.4
Translocations | 3 6 16 | 16.0
Conjurations   | 22 | 22.2
Summonings     | 18 | 18.0
Earth Magic    | 16 | 16.7
Air Magic      | 11 | 11.9

Action                   |  1- 3 |  4- 6 |  7- 9 | 10-12 | 13-15 | 16-18 | 19-21 | 22-24 | 25-27 || total
-------------------------+-------+-------+-------+-------+-------+-------+-------+-------+-------++-------
Melee: War axe           |   101 |   136 |    74 |       |       |       |       |       |       ||   311
       Kick              |    12 |    36 |    29 |   180 |   484 |   412 |   632 |   618 |  4789 ||  7192
       Trident           |       |       |   153 |   448 |  1029 |   595 |       |       |       ||  2225
       Demon trident     |       |       |       |       |       |   349 |   428 |     2 |       ||   779
       Broad axe         |       |       |       |       |       |    74 |   790 |   982 |  8459 || 10305
       Unarmed           |       |       |       |       |       |       |       |       |    37 ||    37
       Staff             |       |       |       |       |       |       |       |       |     5 ||     5
 Fire: Hand crossbow     |       |       |       |   146 |   238 |   230 |   162 |   179 |   318 ||  1273
Throw: Dart              |     2 |    23 |    39 |    21 |     4 |     2 |       |       |     4 ||    95
       Boomerang         |       |       |     6 |       |       |       |       |       |       ||     6
       Throwing net      |       |       |       |     1 |       |       |       |       |       ||     1
 Cast: Iskenderun's Myst |       |       |       |       |       |       |       |       |    17 ||    17
       Stone Arrow       |       |       |       |       |       |       |       |       |    14 ||    14
       Manifold Assault  |       |       |       |       |       |       |       |       |    13 ||    13
       Orb of Destructio |       |       |       |       |       |       |       |       |     9 ||     9
       Iskenderun's Batt |       |       |       |       |       |       |       |       |     4 ||     4
       Iron Shot         |       |       |       |       |       |       |       |       |     3 ||     3
       Spellforged Servi |       |       |       |       |       |       |       |       |     2 ||     2
       Dispersal         |       |       |       |       |       |       |       |       |     1 ||     1
Invok: Call Merchant     |       |       |       |       |     4 |       |     5 |       |       ||     9
       Potion Petition   |       |       |       |       |       |       |       |       |    58 ||    58
 Abil: Evoke Berserk Rag |       |       |       |       |       |       |       |       |     3 ||     3
Evoke: Wand              |       |     7 |     1 |    18 |     6 |       |       |       |    12 ||    44
       Tin of tremorston |       |       |       |     2 |     1 |       |       |       |    10 ||    13
       Lightning rod     |       |       |       |       |       |       |       |       |     5 ||     5
       Condenser vane    |       |       |       |       |       |       |       |       |     5 ||     5
       Phial of floods   |       |       |       |       |       |       |       |       |     1 ||     1
  Use: Potion            |       |     1 |     1 |     7 |     1 |     2 |       |       |     7 ||    19
       Scroll            |       |       |     6 |     9 |    18 |    25 |     3 |    13 |    20 ||    94
 Stab: Paralysed         |       |     6 |     6 |       |     1 |       |       |       |       ||    13
       Distracted        |       |       |     1 |     5 |     7 |     8 |    15 |    31 |   187 ||   254
       Held in net/web   |       |       |       |     1 |       |       |       |       |       ||     1
       Sleeping          |       |       |       |    14 |     7 |     3 |       |       |       ||    24
       Invisible         |       |       |       |     1 |       |       |       |       |    28 ||    29
Armor: Scale mail        |    65 |    63 |   101 |   176 |    51 |       |       |       |       ||   456
       Skin              |       |       |       |     1 |       |       |       |       |    28 ||    29
       Chain mail        |       |       |       |       |   267 |   109 |       |       |       ||   376
       Gold dragon scale |       |       |       |       |       |    93 |   506 |   384 |  2186 ||  3169
Dodge: Dodged            |    36 |    59 |    55 |   179 |   294 |   211 |   427 |   419 |  2016 ||  3696
Block: Kite shield       |    60 |    85 |   107 |   104 |       |   655 |  1207 |   837 |  5596 ||  8651
       Tower shield      |       |       |       |   298 |  1087 |   128 |       |       |       ||  1513
       Reflection        |       |       |       |       |    14 |   139 |    57 |    32 |   130 ||   372

Table legend: (Time is in decaauts)
 A = Elapsed time spent in this place.
 B = Non-inter-level travel time spent in this place.
 C = Inter-level travel time spent in this place.
 D = Time resting spent in this place.
 E = Time spent auto-exploring this place.
 F = Levels seen in this place.
 G = Mean time per level.
                   A        B        C        D        E       F      G
               +--------+--------+--------+--------+--------+-----+--------+
         Total | 109309 | 100631 |   8678 |   4784 |  69485 | 101 | 1082.3 |
       Dungeon |  19927 |  17763 |   2164 |    976 |  13373 |  15 | 1328.5 |
        Temple |     69 |     40 |     29 |      0 |     35 |   1 |   69.0 |
          Lair |  11634 |  10417 |   1217 |   2425 |   5933 |   6 | 1939.0 |
         Swamp |   4137 |   3976 |    161 |      0 |   3113 |   4 | 1034.2 |
     Snake Pit |   4409 |   4103 |    306 |      5 |   3072 |   4 | 1102.2 |
    Slime Pits |   2763 |   2611 |    152 |     37 |   1910 |   5 |  552.6 |
  Orcish Mines |   2765 |   2100 |    665 |      0 |   1510 |   2 | 1382.5 |
   Elven Halls |   4720 |   4074 |    646 |    130 |   2413 |   3 | 1573.3 |
        Vaults |   9642 |   8005 |   1637 |      0 |   6324 |   5 | 1928.4 |
         Crypt |   5402 |   5119 |    283 |    304 |   4000 |   3 | 1800.7 |
        Depths |   6135 |   5309 |    826 |      0 |   3918 |   5 | 1227.0 |
          Hell |    943 |    763 |    180 |      0 |    487 |   1 |  943.0 |
           Dis |   7166 |   7000 |    166 |      6 |   4988 |   7 | 1023.7 |
       Gehenna |   4019 |   3898 |    121 |      0 |   2377 |   7 |  574.1 |
       Cocytus |   2956 |   2854 |    102 |      4 |   1848 |   6 |  492.7 |
      Tartarus |   3040 |   3021 |     19 |      0 |   2103 |   7 |  434.3 |
         Abyss |   3282 |   3282 |      0 |      4 |   1200 |   4 |  820.5 |
   Pandemonium |  12970 |  12970 |      0 |    135 |   9158 |  13 |  997.7 |
      Ice Cave |   1608 |   1608 |      0 |    407 |    794 |   1 | 1608.0 |
       Volcano |    642 |    642 |      0 |    155 |    275 |   1 |  642.0 |
      Gauntlet |   1071 |   1071 |      0 |    193 |    650 |   1 | 1071.0 |
               +--------+--------+--------+--------+--------+-----+--------+

Top non-repeatable levels by time:
 Crypt:3: 3143 daAuts
 Abyss:3: 3104 daAuts
   Dis:7: 2822 daAuts
  Lair:6: 2591 daAuts
  Lair:5: 2567 daAuts
Vaults:5: 2310 daAuts
   Tar:7: 2125 daAuts
Vaults:3: 2064 daAuts
     D:4: 2055 daAuts
  Lair:1: 1958 daAuts
   Geh:7: 1946 daAuts
    D:14: 1937 daAuts
Vaults:2: 1931 daAuts
Vaults:4: 1879 daAuts
   Coc:7: 1832 daAuts
